 Dungeon Crawl Stone Soup version 0.20.0-15-g7f486f2 (webtiles) character file.

92215 VajrapaniSR the Executioner (level 15, -3/147 HPs)
             Began as a Minotaur Berserker on July 1, 2017.
             Was a High Priest of Trog.
             Slain by Agnes
             ... wielding a +1 antimagic lajatang
              (11 damage)
             ... on level 2 of the Spider Nest.
             The game lasted 01:08:44 (7208 turns).

VajrapaniSR the Executioner (Minotaur Berserker)    Turns: 7208, Time: 01:08:45

Health: -3/147     AC: 25    Str: 33    XL:     15   Next: 20%
Magic:  0/15       EV: 13    Int:  4    God:    Trog [*****.]
Gold:   463        SH:  0    Dex: 15    Spells: 14/14 levels left

rFire    . . .     SeeInvis +   a - +7 executioner's axe of Wayxi {chop, Str+10}
rCold    . . .     Gourm    .   (shield currently unavailable)
rNeg     . . .     Faith    .   J - +0 plate armour
rPois    +         Spirit   .   F - +2 hat {SInv}
rElec    .         Reflect  .   A - +2 cloak {rPois}
rCorr    .         Harm     .   (no gloves)
MR       +....                  I - +0 pair of boots
Stlth    ..........             (no amulet)
Regen    0.4/turn               E - +3 ring of protection
MPRegen  0.2/turn               G - +6 ring of slaying

@: lethally poisoned (-3 -> -11)
A: retaliatory headbutt, horns 2
}: 1/15 runes: decaying
a: Berserk, Trog's Hand, Brothers in Arms, Burn Spellbooks, Renounce Religion


You were on level 2 of the Spider Nest.
You worshipped Trog.
Trog was extremely pleased with you.
You were not hungry.

You visited 4 branches of the dungeon, and saw 24 of its levels.

You collected 623 gold pieces.
You spent 160 gold pieces at shops.

Inventory:

Hand Weapons
 a - the +7 executioner's axe of Wayxi (weapon) {chop, Str+10}
   (Trog gifted it to you on level 5 of the Lair of Beasts)

   It inflicts extra damage upon your enemies.
   It affects your strength (+10).
 b - a +6 battleaxe of flaming
 j - a +0 war axe of venom
 R - a +0 dire flail
Missiles
 P - 2 throwing nets (quivered)
Armour
 d - a +0 shield
 g - a +1 chain mail of cold resistance
 A - a +2 cloak of poison resistance (worn)
 F - a +2 hat of see invisible (worn)
 I - a +0 pair of boots (worn)
 J - a +0 plate armour (worn)
Jewellery
 n - an uncursed ring of resist corrosion
 E - a +3 ring of protection (left hand)
 G - a +6 ring of slaying (right hand)
 O - an uncursed ring of protection from fire
Wands
 f - a wand of flame (23/48)
 l - a wand of confusion (28/48)
 m - a wand of lightning (4/15)
 p - a wand of digging (17/24)
 u - a wand of random effects (21/48)
 C - a wand of lightning (10/15)
 D - a wand of confusion (35/48)
Scrolls
 r - 4 scrolls of recharging
 y - 2 scrolls of magic mapping
 z - 3 scrolls of remove curse
 K - 2 scrolls of blinking
 M - a scroll of vulnerability
 S - a scroll of fog
Potions
 e - 2 potions of invisibility
 k - 2 potions of agility {unknown}
 o - a potion of resistance
 q - 5 potions of heal wounds
 s - 3 potions of magic {unknown}
 t - 7 potions of curing
 v - 3 potions of cancellation {unknown}
 w - 2 potions of berserk rage
 B - 2 potions of haste
 N - a potion of flight {unknown}
 T - a potion of brilliance {unknown}
 U - a potion of mutation {unknown}
Books
 x - a book of Maledictions

   Spells                             Type                      Level
   a - Corona                         Hexes                        1
   b - Ensorcelled Hibernation        Hexes/Ice                    2
   c - Confuse                        Hexes                        3
   d - Tukima's Dance                 Hexes                        3
   e - Dazzling Spray                 Conjuration/Hexes            3
   Trog disapproves of the use of such an item.
 L - a Fen Folio

   Spells                             Type                      Level
   a - Corpse Rot                     Necromancy                   2
   b - Stone Arrow                    Conjuration/Earth            3
   c - Leda's Liquefaction            Hexes/Earth                  4
   d - Summon Forest                  Summoning/Translocation      5
   e - Hydra Form                     Transmutation                6
   f - Summon Hydra                   Summoning                    7
   Trog disapproves of the use of such an item.
Miscellaneous
 Q - a box of beasts
Comestibles
 c - 8 bread rations
 h - 11 fruits
 i - 5 meat rations
 H - 2 royal jellies


   Skills:
 + Level 17.0 Fighting
 + Level 21.2 Axes
 + Level 11.7 Armour
 - Level 8.4 Dodging
 + Level 2.2 Evocations


You had 14 spell levels left.
You didn't know any spells.

Dungeon Overview and Level Annotations

Branches:
Dungeon (13/15)            Temple (0/1) D:7            Lair (5/6) D:10
  Swamp (4/4) Lair:4       Spider (2/4) Lair:3          Orc (0/2) D:9
 Vaults (0/5) D:13
  Slime: Lair:5-6

Altars:
Ashenzari
Gozag
Hepliaklqana
Makhleb
Qazlal
Trog

Shops:
D:9 %=*

Annotations:
Spider:2 Agnes


Innate Abilities, Weirdness & Mutations

You reflexively headbutt those who attack you in melee.
You have a pair of horns on your head.


Message History

a tarantella corpse; a redback corpse; a tarantella corpse You take 16 damage, and have 60/147 hp.
You now have 8/15 mp.
Unknown command.
You slice Agnes!! Your headbutt misses Agnes. You slice the tarantella!!
You kill the tarantella!
Trog accepts your kill.
You feel sick.
Agnes hits you with an antimagic lajatang!!
* * * LOW HITPOINT WARNING * * *
You feel your power leaking away.
You take 24 damage, and have 36/147 hp.
You now have 0/15 mp.
You miss Agnes. Your headbutt misses Agnes.
You slice the tarantella like a ripe choko!!!
You kill the tarantella!
Trog accepts your kill.
You feel sick.
Agnes hits you with an antimagic lajatang!!
* * * LOW HITPOINT WARNING * * *
Agnes hits you with an antimagic lajatang!
You die...

# ## .... ≈.
#. #... #^ .#
...# #.. #.
...# #.
#...#.#...#.s.
#...≈.....s.#
###....#.#.
#!†##......
#†@is.s.#..
#..<..#†#...#
....#..#.#
#...s ≈#.
##.... .## ≈.
#.#..# ≈
...!.# .)...#
#.#..#
.#...... #


You could see Agnes, a wolf spider and a redback.

Vanquished Creatures
  Jorgrun (Swamp:4)
  A thorn hunter (Swamp:3)
  Kirke (Spider:1)
  Gastronok (Lair:2)
  Nessos (D:13)
  Fannar (Lair:2)
  13 hydras
  A centaur warrior (D:13)
  Erica (D:9)
  8 two-headed ogres
  5 alligators
  Nergalle (D:10)
  A spriggan druid (Swamp:2)
  3 unseen horrors (D:11)
  8 swamp dragons
  2 necromancers (D:13)
  3 orb spiders
  A deep elf mage (D:12)
  4 wolf spiders
  2 cyclopes
  5 elephants (Lair:5)
  Maurice (D:11)
  3 ugly things
  2 black mambas
  3 komodo dragons
  12 spiny frogs
  3 centaur skeletons
  2 yaktaurs (D:13)
  A demonic crawler (Spider:1)
  A merfolk (D:12)
  2 polar bears
  4 jumping spiders (Spider:1)
  2 tyrant leeches
  2 hornets
  A bog body (Swamp:3)
  3 blink frogs (Swamp:4)
  Prince Ribbit (D:9)
  4 hippogriffs
  16 redbacks
  18 humans (D:13)
  12 tarantellas
  A wraith (Spider:1)
  42 yaks
  2 wyverns
  3 hogs (Spider:1)
  8 vampire mosquitoes
  2 hungry ghosts
  4 swamp worms
  15 insubstantial wisps
  Edmund (D:4)
  6 porcupines
  7 water moccasins
  6 swamp drakes
  A hornet zombie (D:10)
  4 orc warriors
  A sky beast (D:12)
  An ice beast (D:12)
  2 phantoms
  A necrophage (D:12)
  5 wolves (Lair:3)
  6 ogres
  4 centaurs
  6 crocodiles
  2 big kobolds (D:11)
  11 bullfrogs
  A wyvern skeleton (D:13)
  3 scorpions (D:4)
  3 killer bees (D:9)
  4 wights
  An electric eel (Lair:1)
  A centaur zombie (D:8)
  3 howler monkeys
  2 bullfrog zombies
  5 hounds
  3 orc priests
  4 bullfrog skeletons
  8 orc wizards
  2 iguanas
  3 worker ants (D:9)
  8 ogre zombies (D:9)
  4 gnolls (D:8)
  9 adders
  A shadow imp (D:11)
  2 adder skeletons
  3 worms
  A dart slug (D:1)
  4 leopard geckos
  26 orcs
  3 bats
  3 giant cockroaches
  A goblin (D:3)
  15 kobolds
  5 frilled lizards
  2 goblin skeletons (D:9)
  2 goblin zombies (D:9)
  2 hobgoblin skeletons (D:9)
  A hobgoblin zombie (D:9)
  A leopard gecko skeleton (D:4)
  2 orc skeletons (D:9)
  16 orc zombies (D:9)
  2 rats
  4 briar patches (Swamp:3)
  4 fungi
  5 plants
467 creatures vanquished.

Vanquished Creatures (collateral kills)
  the Lernaean hydra (Swamp:4)
  Josephine (Spider:1)
  A vault guard (D:13)
  2 hydras (Swamp:4)
  An ogre mage (D:10)
  A swamp dragon (Swamp:4)
  A moth of wrath (Spider:1)
  3 wraiths (Spider:1)
  A swamp drake (Swamp:4)
  An ogre (D:10)
13 creatures vanquished.

Vanquished Creatures (others)
  A spriggan (D:12)
1 creature vanquished.

Grand Total: 481 creatures vanquished

Notes
Turn   | Place    | Note
-------+----------+-------------------------------------------
     0 | D:1      | VajrapaniSR the Minotaur Berserker began the quest for the Orb.
     0 | D:1      | Reached XP level 1. HP: 19/19 MP: 0/0
   112 | D:1      | Reached skill level 4 in Axes
   140 | D:1      | Reached XP level 2. HP: 25/27 MP: 1/1
   269 | D:2      | Reached XP level 3. HP: 23/33 MP: 2/2
   310 | D:3      | Reached ** piety under Trog
   310 | D:3      | Reached skill level 5 in Axes
   553 | D:4      | Reached XP level 4. HP: 26/41 MP: 3/3
   555 | D:4      | Found a burning altar of Makhleb.
   555 | D:4      | Found a bloodstained altar of Trog.
   588 | D:4      | Got a scorched trident
   589 | D:4      | Identified the cursed +1 trident of the Heavens {protect, rElec} (You found it on level 4 of the Dungeon)
   620 | D:4      | Found a shattered altar of Ashenzari.
   623 | D:4      | Found a hazy altar of Hepliaklqana.
   636 | D:4      | Found an opulent altar of Gozag.
   641 | D:4      | Found a stormy altar of Qazlal.
   673 | D:4      | Noticed Edmund
   681 | D:4      | Killed Edmund
   681 | D:4      | Reached skill level 5 in Fighting
   681 | D:4      | Reached skill level 6 in Axes
   681 | D:4      | Reached XP level 5. HP: 48/48 MP: 4/4
   746 | D:4      | Reached skill level 7 in Axes
   746 | D:4      | Reached XP level 6. HP: 33/56 MP: 5/5
   908 | D:5      | Entered Level 5 of the Dungeon
   975 | D:6      | Reached skill level 8 in Axes
   975 | D:6      | Reached XP level 7. HP: 55/63 MP: 6/6
  1059 | D:7      | Reached skill level 9 in Axes
  1116 | D:7      | Reached XP level 8. HP: 73/73 MP: 7/7
  1138 | D:7      | Reached skill level 10 in Axes
  1188 | D:7      | Found a staircase to the Ecumenical Temple.
  1242 | D:8      | Noticed a two-headed ogre
  1246 | D:8      | Killed a two-headed ogre
  1246 | D:8      | Reached skill level 11 in Axes
  1275 | D:8      | Noticed a hippogriff
  1286 | D:8      | Killed a hippogriff
  1286 | D:8      | Reached XP level 9. HP: 82/82 MP: 8/8
  1317 | D:8      | Reached skill level 12 in Axes
  1527 | D:7      | Reached *** piety under Trog
  1798 | D:9      | Reached skill level 13 in Axes
  1812 | D:9      | Reached skill level 10 in Fighting
  1904 | D:10     | Entered Level 10 of the Dungeon
  1923 | D:9      | Noticed Prince Ribbit
  1952 | D:9      | Reached XP level 10. HP: 41/94 MP: 9/9
  1974 | D:8      | Reached **** piety under Trog
  2032 | D:9      | Reached skill level 14 in Axes
  2040 | D:9      | Killed Prince Ribbit
  2280 | D:9      | Found Urchau's Jewellery Emporium.
  2282 | D:9      | murphy: hi
  2283 | D:9      | VajrapaniSR: hello
  2290 | D:9      | murphy: i tried your combo
  2290 | D:9      | murphy: MiBe
  2290 | D:9      | murphy: for speedrunning
  2290 | D:9      | VajrapaniSR: is it any good for speedruns
  2290 | D:9      | murphy: i dunno yet
  2290 | D:9      | VajrapaniSR: k
  2290 | D:9      | murphy: it's not terrible
  2290 | D:9      | VajrapaniSR: i can consistently make it to deep dungeon now
  2290 | D:9      | VajrapaniSR: problem is finding a good weapon
  2290 | D:9      | VajrapaniSR: so i can do lair
  2290 | D:9      | murphy: i just have this idea that we should explore this together
  2290 | D:9      | murphy: one plays abd the others give hints
  2290 | D:9      | murphy: then we change
  2290 | D:9      | VajrapaniSR: yeah, that might be cool
  2290 | D:9      | murphy: come to may game for a sec
  2290 | D:9      | murphy: my
  2290 | D:9      | VajrapaniSR: k
  2348 | D:9      | Found Jaap Muwam's Assorted Antiques.
  2356 | D:9      | Bought a scratched steel ring for 160 gold pieces
  2366 | D:9      | Noticed Erica
  2420 | D:9      | Killed Erica
  2428 | D:9      | Reached ***** piety under Trog
  2475 | D:9      | Found a staircase to the Orcish Mines.
  2551 | D:9      | Found Etag's Food Boutique.
  2648 | D:10     | Received a gift from Trog
  2772 | D:9      | Noticed a two-headed ogre
  2782 | D:9      | Killed a two-headed ogre
  2782 | D:9      | Reached skill level 15 in Axes
  2828 | D:10     | Noticed Maurice
  2831 | D:10     | Noticed Nergalle
  2842 | D:10     | Killed Nergalle
  2842 | D:10     | Reached skill level 5 in Armour
  2851 | D:11     | Noticed a purple ugly thing
  2860 | D:11     | Killed a purple ugly thing
  2860 | D:11     | Reached XP level 11. HP: 22/104 MP: 3/10
  2869 | D:11     | Killed Maurice
  2962 | D:10     | Found a staircase to the Lair.
  3022 | D:10     | Noticed a two-headed ogre
  3028 | D:10     | Killed a two-headed ogre
  3129 | D:10     | Noticed a two-headed ogre
  3130 | D:10     | Noticed an ogre mage
  3131 | D:10     | Noticed a two-headed ogre
  3132 | D:10     | Noticed a two-headed ogre
  3136 | D:10     | Killed a two-headed ogre
  3136 | D:10     | Reached skill level 16 in Axes
  3139 | D:10     | Killed a two-headed ogre
  3139 | D:10     | Killed an ogre mage
  3142 | D:10     | Killed a two-headed ogre
  3340 | D:11     | Killed an unseen horror
  3445 | D:11     | Killed an unseen horror
  3516 | D:11     | Killed an unseen horror
  3542 | D:12     | Reached skill level 17 in Axes
  3607 | D:12     | Reached XP level 12. HP: 113/113 MP: 3/11
  3730 | D:12     | Noticed a two-headed ogre
  3743 | D:12     | Killed a two-headed ogre
  3904 | D:13     | Noticed Nessos
  3912 | D:13     | Killed Nessos
  3953 | D:13     | Noticed a two-headed ogre
  3964 | D:13     | Killed a two-headed ogre
  4005 | D:13     | Noticed a centaur warrior
  4013 | D:13     | Killed a centaur warrior
  4086 | D:13     | Reached skill level 18 in Axes
  4248 | D:13     | Found a gate to the Vaults.
  4248 | D:13     | Noticed a vault guard
  4259 | D:13     | Killed a vault guard
  4259 | D:13     | Reached skill level 10 in Armour
  4536 | Lair:1   | Entered Level 1 of the Lair of Beasts
  4553 | Lair:1   | Reached XP level 13. HP: 122/124 MP: 4/12
  4766 | Lair:2   | Noticed Gastronok
  4782 | Lair:2   | Killed Gastronok
  4782 | Lair:2   | Reached skill level 19 in Axes
  4913 | Lair:2   | Noticed Fannar
  4926 | Lair:2   | Killed Fannar
  5279 | Lair:3   | Found a hole to the Spider Nest.
  5640 | Lair:4   | VajrapaniSR: ??shoals
  5640 | Lair:4   | beem: shoals[1/4]: Lair branch that can replace {Swamp}. It has tides, merfolk (including javelineers and aquamancers), {kraken}, snapping turtles, sea snakes, cyclopes, and harpies. It is 4 levels deep and has the barnacled rune at the end.
  5640 | Lair:4   | VajrapaniSR: ??swamp
  5640 | Lair:4   | beem: swamp[1/3]: Accessed from the Lair somewhere between levels 2 and 5. Four levels deep. Expect watery terrain and hydras throughout. A decaying rune lies at the bottom, usually guarded by swamp dragons and hydras. As swamp drakes emit mephitic clouds, you may want to have poison resistance or enhanced mental clarity.
  5666 | Lair:4   | Found a staircase to the Swamp.
  5912 | Lair:5   | Reached skill level 15 in Fighting
  5922 | Lair:5   | Received a gift from Trog
  5923 | Lair:5   | Got an ichor-stained executioner's axe {god gift}
  5924 | Lair:5   | Identified the +7 executioner's axe of Wayxi {chop, Str+10} (Trog gifted it to you on level 5 of the Lair of Beasts)
  5934 | Lair:5   | murphy: did u recieve gifts from trog?
  5934 | Lair:5   | VajrapaniSR: ye
  5934 | Lair:5   | VajrapaniSR: exec axe
  5934 | Lair:5   | murphy: the axe?
  5934 | Lair:5   | VajrapaniSR: battleaxe
  5934 | Lair:5   | murphy: i see
  5934 | Lair:5   | murphy: i was hoping to get a gift
  5934 | Lair:5   | murphy: but i got none so far
  5934 | Lair:5   | murphy: the piety gain is to slow
  5934 | Lair:5   | murphy: it works on kills
  5934 | Lair:5   | VajrapaniSR: ye
  5934 | Lair:5   | murphy: which is hard to do during speedruns
  5961 | Lair:5   | murphy: maybe it could be ok for Be to go into orc first
  5966 | Lair:5   | murphy: since trogs hand gives u mr
  5966 | Lair:5   | murphy: and oirc has a lot of wiz
  5966 | Lair:5   | VajrapaniSR: ye, and orcs might give a nice battleaxe
  5966 | Lair:5   | murphy: which give piety
  5966 | Lair:5   | murphy: and nice equip
  5966 | Lair:5   | murphy: maybe shops
  5968 | Lair:5   | murphy: or gifts from trog
  5992 | Lair:5   | murphy: and since u don't need to find the temple
  5994 | Lair:5   | murphy: it could be ok to take a small detour
  6055 | Lair:5   | murphy: i mean by now u should probably try to get your first rune
  6057 | Lair:5   | VajrapaniSR: what about lair:6?
  6057 | Lair:5   | VajrapaniSR: no wait, lair branches spawn before that, right
  6057 | Lair:5   | murphy: idk
  6058 | Lair:5   | murphy: ah yes
  6058 | Lair:5   | murphy: 2-4
  6058 | Lair:5   | VajrapaniSR: ok, found them
  6058 | Lair:5   | murphy: and slimes on lair:%
  6058 | Lair:5   | VajrapaniSR: spider, swamp
  6058 | Lair:5   | murphy: swamp is good
  6058 | Lair:5   | VajrapaniSR: swamp is ez with flaming battleaxe
  6058 | Lair:5   | VajrapaniSR: just need rpois from swamp dragons
  6061 | Lair:5   | Reached skill level 20 in Axes
  6063 | Lair:5   | murphy: i feel u need to have swamp for a really good turncount
  6063 | Lair:5   | murphy: but i could be wrong
  6107 | Swamp:1  | Entered Level 1 of the Swamp
  6186 | Swamp:1  | murphy: oh nice u have rpois
  6187 | Swamp:1  | murphy: this can be a really good run
  6187 | Swamp:1  | VajrapaniSR: ohhh
  6187 | Swamp:1  | VajrapaniSR: the cloak
  6198 | Swamp:1  | murphy: and sinv too
  6202 | Swamp:2  | murphy: so u can do spider as well
  6270 | Swamp:3  | Reached XP level 14. HP: 131/135 MP: 13/13
  6363 | Swamp:3  | Noticed a thorn hunter
  6365 | Swamp:3  | murphy: use wand
  6365 | Swamp:3  | murphy: of lfmae
  6365 | Swamp:3  | VajrapaniSR: on the wateR?
  6365 | Swamp:3  | murphy: liie this
  6365 | Swamp:3  | murphy: no
  6365 | Swamp:3  | murphy: shoot it
  6365 | Swamp:3  | VajrapaniSR: k
  6366 | Swamp:3  | VajrapaniSR: then down?
  6366 | Swamp:3  | murphy: darn i thought it would block los
  6366 | Swamp:3  | murphy: but at least some dmg
  6366 | Swamp:3  | VajrapaniSR: fog should probably work
  6366 | Swamp:3  | murphy: nah just zerk it
  6366 | Swamp:3  | VajrapaniSR: k
  6372 | Swamp:3  | Killed a thorn hunter
  6372 | Swamp:3  | Reached skill level 5 in Dodging
  6373 | Swamp:3  | VajrapaniSR: damn this exec axe just some disgusting damage
  6417 | Swamp:3  | murphy: oh nice use of the water
  6417 | Swamp:3  | VajrapaniSR: trogs hand + water + slow is like VS regen
  6417 | Swamp:3  | murphy: walking in water to save turns nice
  6470 | Swamp:4  | Entered Level 4 of the Swamp
  6471 | Swamp:4  | VajrapaniSR: magic mapping?
  6471 | Swamp:4  | murphy: your call
  6472 | Swamp:4  | murphy: maybe yes
  6472 | Swamp:4  | VajrapaniSR: lerny vault
  6472 | Swamp:4  | VajrapaniSR: easy
  6478 | Swamp:3  | murphy: what's your plan for lerny?
  6479 | Swamp:3  | VajrapaniSR: flaming battleaxe
  6479 | Swamp:3  | VajrapaniSR: and zerk
  6593 | Swamp:4  | murphy: !lg murphy urune min=turns
  6595 | Swamp:4  | beem: No keyword 'urune'
  6597 | Swamp:4  | murphy: !lg murphy rune min=turns
  6597 | Swamp:4  | beem: No keyword 'rune'
  6610 | Swamp:4  | murphy: !lg murphy urrune min=turns
  6612 | Swamp:4  | beem: No keyword 'urrune'
  6637 | Swamp:4  | murphy: !lg murphy 1rune min=turns
  6638 | Swamp:4  | beem: No keyword '1rune'
  6643 | Swamp:4  | murphy: !lg murphy urune1 min=turns
  6643 | Swamp:4  | beem: No keyword 'urune1'
  6643 | Swamp:4  | murphy: !lg murphy rune1 min=turns
  6645 | Swamp:4  | beem: No keyword 'rune1'
  6653 | Swamp:4  | VajrapaniSR: misclick
  6687 | Swamp:4  | Received a gift from Trog
  6717 | Swamp:4  | Noticed Jorgrun
  6720 | Swamp:4  | VajrapaniSR: dammit, jorgrun
  6730 | Swamp:4  | Killed Jorgrun
  6735 | Swamp:4  | Noticed the 27-headed Lernaean hydra
  6739 | Swamp:4  | Killed the 24-headed Lernaean hydra
  6751 | Swamp:4  | murphy: wow
  6759 | Swamp:4  | VajrapaniSR: ?
  6759 | Swamp:4  | murphy: how did u kill lerny so fast
  6759 | Swamp:4  | VajrapaniSR: had a BIA
  6759 | Swamp:4  | murphy: u were slowed
  6759 | Swamp:4  | VajrapaniSR: berserk deep troll
  6759 | Swamp:4  | murphy: yes but lerny has cleaving attack
  6759 | Swamp:4  | murphy: O.o
  6759 | Swamp:4  | murphy: ok nice
  6759 | Swamp:4  | VajrapaniSR: lerny has the defense of a normal hydra iirc
  6789 | Swamp:4  | murphy: that's good to know u can kill lerny so easy
  6830 | Swamp:4  | Reached skill level 21 in Axes
  6857 | Swamp:4  | Got a decaying rune of Zot
  6858 | Swamp:4  | VajrapaniSR: yay
  6858 | Swamp:4  | murphy: nice
  6858 | Swamp:4  | murphy: how much turns
  6858 | Swamp:4  | murphy: press E
  6858 | Swamp:4  | murphy: wow
  6858 | Swamp:4  | murphy: below 7k
  6858 | Swamp:4  | murphy: well done
  6858 | Swamp:4  | VajrapaniSR: thanks :)
  6858 | Swamp:4  | VajrapaniSR: time for spider?
  6858 | Swamp:4  | murphy: y
  6907 | Swamp:4  | murphy: keep in mind u have a wand of digging
  6910 | Swamp:4  | murphy: this could help in spider
  6910 | Swamp:4  | VajrapaniSR: oh yeah
  6917 | Swamp:4  | murphy: maybe take the potion
  6921 | Swamp:3  | murphy: nvm
  6967 | Lair:4   | murphy: wow u play like a pro
  6967 | Lair:4   | VajrapaniSR: actually?
  6967 | Lair:4   | murphy: this looks like u know what u are doing
  6967 | Lair:4   | murphy: i wonder if i ever got my first rune so fast
  6967 | Lair:4   | VajrapaniSR: i'm mostly imitating how 4tharra does things
  6975 | Lair:3   | murphy: !lg murphy urune min=turns
  6975 | Lair:4   | beem: No keyword 'urune'
  6977 | Lair:3   | murphy: !lg murphy urune
  6977 | Lair:3   | beem: No keyword 'urune'
  6983 | Lair:3   | murphy: ?urune
  6988 | Lair:3   | murphy: ??urune
  6989 | Lair:3   | beem: I don't have a page labeled urune in my learndb. Did you mean: prune, rune, runed, runes.
  7016 | Lair:3   | murphy: ??runed
  7018 | Lair:3   | beem: runed[1/2]: Congratulations, you've found a magic item! Or perhaps a {runed door}?
  7028 | Spider:1 | Entered Level 1 of the Spider Nest
  7105 | Spider:1 | Noticed Josephine
  7106 | Spider:1 | Noticed Agnes
  7112 | Spider:1 | Reached XP level 15. HP: 103/146 MP: 14/14
  7113 | Spider:1 | Killed Josephine
  7113 | Spider:1 | Reached skill level 1 in Evocations
  7149 | Spider:1 | Noticed Kirke
  7157 | Spider:1 | Killed Kirke
  7208 | Spider:2 | Slain by Agnes

Skill      XL: |  1  2  3  4  5  6  7  8  9 10 11 12 13 14 15 |
---------------+----------------------------------------------+-----
Axes           | 4 5 6 7 8 9 11 13 15 17 18 20 21 | 21.2
Fighting       | 4 5 6 7 8 10 11 12 14 15 16 17 | 17.0
Armour         | 5 8 10 11 | 11.7
Dodging        | 4 8 |  8.4
Evocations     | 2 |  2.2

Action                   |  1- 3 |  4- 6 |  7- 9 | 10-12 | 13-15 || total
-------------------------+-------+-------+-------+-------+-------++-------
Melee: Hand axe          |    73 |       |       |       |       ||    73
       Headbutt          |     8 |     6 |    29 |    83 |    94 ||   220
       War axe           |       |    35 |   169 |   122 |       ||   326
       Battleaxe         |       |       |       |   250 |   220 ||   470
       Executioner's axe |       |       |       |       |   154 ||   154
       Dire flail        |       |       |       |       |     7 ||     7
       Unarmed           |       |       |       |       |     2 ||     2
Throw: Throwing net      |       |       |     1 |       |       ||     1
Invok: Berserk           |     3 |     2 |    11 |    22 |     8 ||    46
       Trog's Hand       |     1 |       |     1 |     7 |    11 ||    20
       Brothers in Arms  |       |       |       |     2 |     2 ||     4
Evoke: Wand              |       |       |       |     3 |    10 ||    13
  Use: Scroll            |     4 |     1 |     5 |     8 |    13 ||    31
       Potion            |       |       |       |     2 |     1 ||     3
 Stab: Held in net/web   |       |       |     1 |       |       ||     1
       Distracted        |       |       |       |     1 |     1 ||     2
       Confused          |       |       |       |       |     1 ||     1
  Eat: Chunk             |     2 |     3 |    17 |    30 |    17 ||    69
       Fruit             |       |       |     1 |     5 |     1 ||     7
       Meat ration       |       |       |       |       |     1 ||     1
Armor: Animal skin       |    11 |       |       |       |       ||    11
       Chain mail        |     2 |     8 |    57 |   176 |       ||   243
       Plate armour      |       |       |       |     1 |   285 ||   286
Dodge: Dodged            |    36 |     3 |    37 |   110 |   222 ||   408
Block: Shield            |    27 |    12 |    53 |    43 |       ||   135
